 Dungeon Crawl Stone Soup version 0.29-a0-283-ga02f740833 (webtiles) character file.

Game seed: 12203214229653486839

84 Colgate the Vexing (level 4, -3/21 HPs)
             Began as a Spriggan Enchanter on Mar 13, 2022.
             Was a Believer of Jiyva.
             Killed from afar by an orc wizard (7 damage)
             ... with a magic dart
             ... on level 4 of the Dungeon.
             The game lasted 00:05:54 (2367 turns).

Colgate the Vexing (Spriggan Enchanter)             Turns: 2367, Time: 00:05:54

Health: -3/21      AC:  2    Str:  4    XL:     4   Next: 24%
Magic:  9/9        EV: 17    Int: 18    God:    Jiyva [**....]
Gold:   96         SH:  0    Dex: 15    Spells: 6/8 levels left

rFire   . . .      SeeInvis +   a - +1 dagger
rCold   . . .      Faith    .   (no shield)
rNeg    . . .      Spirit   .   b - +0 robe
rPois   .          Reflect  .   (helmet restricted)
rElec   .          Harm     .   (no cloak)
rCorr   +          Rampage  .   (gloves unavailable)
Will    .....                   (boots unavailable)
Stlth   +.........              (no amulet)
HPRegen 1.03/turn               (no ring)
MPRegen 0.41/turn               (no ring)

@: confused, very quick
A: very small, no large weapons, unfitting armour, see invisible, speed 3
a: Renounce Religion


You were on level 4 of the Dungeon.
You worshipped Jiyva.
Jiyva was pleased with you.
You visited 1 branch of the dungeon, and saw 4 of its levels.

You collected 96 gold pieces.

Inventory:

Hand Weapons
 a - a +1 dagger (weapon)
Armour
 b - a +0 robe (worn)
Scrolls
 d - a scroll of magic mapping {unknown}
 f - a scroll of fear {unknown}
Potions
 c - 2 potions of invisibility
 e - a potion of brilliance {unknown}
 g - a potion of berserk rage {unknown}
 h - a potion of heal wounds {unknown}


   Skills:
 - Level 1.1 Short Blades
 - Level 2.6 Dodging
 - Level 4.4 Stealth
 - Level 2.6 Spellcasting
 + Level 6.2 Hexes


You had 6 spell levels left.
You knew the following spells:

 Your Spells              Type           Power      Damage    Failure   Level
a - Ensorcelled Hibernat  Hex/Ice        26%        N/A       7%          2

Your spell library contained the following spells:

 Spells                   Type           Power      Damage    Failure   Level
 Confusing Touch          Hex            24%        N/A       4%          3
 Tukima's Dance           Hex            24%        N/A       4%          3
 Dazzling Flash           Conj/Hex       26%        N/A       14%         3


Dungeon Overview and Level Annotations

Branches:
Dungeon (3/15)

Altars:
Jiyva


Innate Abilities, Weirdness & Mutations

You are very small and have problems with some larger weapons.
You are too small for most types of armour.
You have supernaturally acute eyesight. (SInv)
You cover ground extremely quickly. (Speed+++)


Message History

You bump into the rock wall.
You're too confused to move!
You're too confused to move!
The orc wizard closely misses you.
You hear a distant slurping noise.
You're too confused to move!
The orc wizard hits you with a +0 dagger.
You miss the orc wizard.
The orc wizard hits you with a +0 dagger. x2
You bump into the rock wall.
The orc wizard mumbles some strange words.
The orc wizard flickers and vanishes for a moment.
The orc wizard completely misses you.
You bump into the rock wall.
You feel less confused.
The orc wizard gestures at you while chanting.
You are confused.
The orc wizard hits you with a +0 dagger.
You miss the orc wizard.
The orc wizard hits you but does no damage.
The orc wizard hits you with a +0 dagger.
You're too confused to move!
The orc wizard completely misses you.
The orc wizard hits you with a +0 dagger.
You barely miss the orc wizard.
The orc wizard gestures at you while chanting.
You easily resist.
The orc wizard gestures at you while chanting.
The puff of flame hits you!
* * * LOW HITPOINT WARNING * * *
You miss the orc wizard.
The orc wizard points at you and mumbles some strange words.
You easily resist.
The orc wizard closely misses you.
You bump into the rock wall.
The orc wizard completely misses you. x2
You bump into the rock wall.
The orc wizard closely misses you.
The orc wizard hits you with a +0 dagger.
* * * LOW HITPOINT WARNING * * *
You hear a distant slurping noise.
You bump into the rock wall.
The orc wizard casts a spell at you. The magic dart hits you!
You die...

#.# #.# #####.#
# #.....#
##.####.#####
......#.#######
...............
##.#..#o#######
#g.#@# #. #o#
.. #o# .# #o#
.# #.# #.# #.#
#.# #..


You could see 2 orc wizards and 2 orcs.

Vanquished Creatures
  An orc wizard (D:4)
  An adder (D:2)
  3 orcs (D:4)
  4 endoplasms (D:1)
  3 giant cockroaches
  2 goblins (D:1)
  5 hobgoblins
  4 jackals (D:1)
  2 kobolds (D:1)
  2 quokkas (D:2)
  4 ball pythons
  5 bats
  3 frilled lizards
  5 rats
44 creatures vanquished.

Vanquished Creatures (others)
  An orc wizard (D:4)
  An adder (D:2)
  A ball python (D:2)
  2 kobolds (D:2)
  2 rats (D:2)
7 creatures vanquished.

Grand Total: 51 creatures vanquished

Notes
Turn   | Place    | Note
-------+----------+-------------------------------------------
     0 | D:1      | Colgate the Spriggan Enchanter began the quest for the Orb.
     0 | D:1      | Reached XP level 1. HP: 9/9 MP: 5/5
    94 | D:1      | Reached skill level 4 in Hexes
   380 | D:1      | Reached XP level 2. HP: 10/13 MP: 6/6
   389 | D:1      | Learned a level 2 spell: Ensorcelled Hibernation
  1083 | D:1      | Found a faded altar of an unknown god.
  1096 | D:1      | Reached skill level 5 in Hexes
  1104 | D:1      | Prayed at the altar of an unknown god.
  1104 | D:1      | Became a worshipper of Jiyva Jeytifa the Shapeless
  1104 | D:1      | Reached * piety under Jiyva
  1173 | D:1      | Reached XP level 3. HP: 16/16 MP: 8/8
  1896 | D:2      | Reached ** piety under Jiyva
  2213 | D:3      | You fall into a shaft and drop 1 floor!
  2281 | D:4      | Reached skill level 6 in Hexes
  2281 | D:4      | Reached XP level 4. HP: 9/21 MP: 7/9
  2367 | D:4      | Killed from afar by an orc wizard

Illustrated notes

Levels and vault maps discovered:
D:1:      lightli_arrival_isolated_outpost, layout_loops_ring,
          ebering_ecumenical_altar_sacrificial, st_stairs_7
D:2:      layout_basic, kennysheep_generic_room_15
D:3:      layout_loops_ring, corexii_hall_statues_deadend
D:4:      layout_loops_ring

Skill      XL: |  1  2  3 |
---------------+----------+-----
Hexes          | 4 5 6 |  6.2
Short Blades   | |  1.1
Dodging        | |  2.6
Stealth        | |  4.4
Spellcasting   | |  2.6

Action                   |  1- 3 |  4- 6 || total
-------------------------+-------+-------++-------
Melee: Dagger            |   100 |    12 ||   112
       Punch             |     1 |       ||     1
 Cast: Ensorcelled Hiber |    38 |     6 ||    44
 Stab: Sleeping          |    29 |     4 ||    33
Armor: Robe              |     8 |     1 ||     9
Dodge: Dodged            |    77 |    13 ||    90

Table legend: (Time is in decaauts)
 A = Elapsed time spent in this place.
 B = Non-inter-level travel time spent in this place.
 C = Inter-level travel time spent in this place.
 D = Time resting spent in this place.
 E = Time spent auto-exploring this place.
 F = Levels seen in this place.
 G = Mean time per level.
                   A        B        C        D        E       F      G
               +--------+--------+--------+--------+--------+-----+--------+
         Total |   1782 |   1743 |     39 |      0 |   1347 |   4 |  445.5 |
       Dungeon |   1782 |   1743 |     39 |      0 |   1347 |   4 |  445.5 |
               +--------+--------+--------+--------+--------+-----+--------+

Top non-repeatable levels by time:
     D:1: 1193 daAuts
     D:2: 477 daAuts
     D:4: 112 daAuts
